 Dungeon Crawl Stone Soup version 0.31-a0-221-gbddc013574 (webtiles) character file.

Game seed: 1949638178861183181

344 bobo the Ruffian (level 6, 0/52 HPs)
             Began as a Draconian Transmuter on July 4, 2023.
             Slain by Grinder (8 damage)
             ... on level 4 of the Dungeon.
             The game lasted 00:08:51 (3294 turns).

bobo the Ruffian (Draconian Transmuter)             Turns: 3294, Time: 00:08:52

Health: 0/52       AC:  6    Str: 11 (14) XL:     6   Next: 31%
Magic:  8/9        EV: 12    Int: 11 (13) God:
Gold:   175        SH:  0    Dex:  9 (12) Spells: 6/10 levels left

rFire   . .          .
                       - Unarmed
rCold   . . .        (no shield)
rNeg    . . .        (body armour unavailable)
rPois   .            (helmet currently unavailable)
rElec   .            (no cloak)
rCorr   .            (no gloves)
SInv    .            (boots currently unavailable)
Will    .....        (no amulet)
Stlth   +            (no ring)
HPRegen 0.28/turn    (no ring)
MPRegen 0.11/turn

%: no passive effects
@: brilliant, appendages, attractive
A: horns 2, talons 2, AC +6, unfitting armour, cold-blooded
a: End Transformation


You were on level 4 of the Dungeon.
You had temporarily grown beastly horns and talons.
You visited 1 branch of the dungeon, and saw 4 of its levels.

You collected 175 gold pieces.

Inventory:

Hand Weapons
 l - the +7 long sword "Zeuhorun" {freeze, Fly}
   (You found it on level 3 of the Dungeon)

   Fly:       It grants you flight.
Wands
 n - a wand of acid (7)
Scrolls
 e - 2 scrolls of fear
 f - a scroll of summoning {unknown}
 g - 2 scrolls of identify {unknown}
 h - a scroll of vulnerability {unknown}
 j - a scroll of silence {unknown}
 m - a scroll of enchant weapon {unknown}
Potions
 a - 2 potions of lignification
 b - a potion of degeneration
 c - 2 potions of brilliance
 d - a potion of cancellation {unknown}
 i - a potion of attraction
 k - a potion of curing {unknown}
 o - a potion of heal wounds {unknown}
 p - a potion of haste {unknown}


   Skills:
 + Level 3.8 Fighting
 - Level 3.1 Dodging
 + Level 4.5 Unarmed Combat
 + Level 2.5 Spellcasting
 + Level 2.7 Transmutations
 + Level 1.2 Poison Magic


You had 6 spell levels left.
You knew the following spells:

 Your Spells              Type           Power      Damage    Failure   Level
a - Beastly Appendage     Tmut           22%        N/A       9%          1
s - Sting                 Tmut/Pois      32%        1d4       12%         1
z - Wereblood             Tmut           11%        N/A       14%         2

Your spell library contained the following spells:

 Spells                   Type           Power      Damage    Failure   Level
 Spider Form              Tmut/Pois      8%         N/A       36%         3
 Ignite Poison            Fire/Tmut/Pois 6%         N/A       43%         3
 Ozocubu's Armour         Ice            2%         N/A       63%         3
 Ice Form                 Ice/Tmut       6%         N/A       83%         4
 Flame Wave               Conj/Fire      2%         2d4       95%         4
 Alistair's Intoxication  Tmut/Pois      5%         N/A       98%         5
 Metabolic Englaciation   Hex/Ice        1%         N/A       100%        5
 Simulacrum               Ice/Necr       1%         N/A       100%        6
 Starburst                Conj/Fire      1%         6d3       100%        6


Dungeon Overview and Level Annotations

Branches:
Dungeon (4/15)
 Temple: D:4-7

Altars:
Xom

Annotations:
D:4 Grinder


Innate Abilities, Weirdness & Mutations

You have temporarily grown beastly horns and talons.
Your plain brown scales are hard. (AC +6)
You cannot fit into any form of body armour.
You are cold-blooded and may be slowed by cold attacks.


Message History

You feel weakened.
You feel dopey.
You feel clumsy.
It was a potion of brilliance.
You feel clever all of a sudden.
It was a potion of attraction.
You feel attractive to monsters. Grinder is attracted toward you.
You closely miss Grinder.
Your tail-slap misses Grinder.
Your punch misses Grinder.
Grinder is heavily wounded.
Grinder gestures at you. Pain shoots through your body!
* * * LOW HITPOINT WARNING * * *
You hit Grinder but do no damage.
Your tail-slap misses Grinder.
Grinder is heavily wounded.
Grinder barely misses you.
You barely miss Grinder.
Grinder is heavily wounded.
You closely miss Grinder.
Grinder is heavily wounded.
Grinder says, "Mostly I couldn't keep them alive."
Grinder barely misses you.
You hit Grinder but do no damage. You tail-slap Grinder.
Grinder is heavily wounded.
Grinder says, "Wait up."
Grinder barely misses you.
You hit Grinder but do no damage.
Your tail-slap misses Grinder.
You punch Grinder.
Grinder is severely wounded.
Grinder hits you.
* * * LOW HITPOINT WARNING * * *
Casting: Beastly Appendage (safe; 9% risk of failure)
Confirm with . or Enter, or press ? or * to list all spells.
You feel a surge of power!
You grow a pair of large bovine horns.
Your feet morph into talons.
Grinder hits you.
* * * LOW HITPOINT WARNING * * *
You closely miss Grinder.
Grinder is severely wounded.
Grinder hits you!
You die...

##...........## #.....
#.............# ##....
#.............# #....
#.............# #....
#............## #....
##.........### ##...
#### #.......### ###.
##..# #......########
... #...##
####@5......... ....
#....# ###...........
.#..
#....####..###########
#. #.......)###
#.......## ##.......#
#.....#..# ##..##..##
##.....#


You could see Grinder.

Vanquished Creatures
  Duvessa (D:4)
  Dowan (D:4)
  Jessica (D:2)
  Natasha (D:2)
  6 adders
  4 dart slugs
  11 ball pythons
  8 bats
  5 endoplasms
  A giant cockroach (D:4)
  5 hobgoblins
  4 jackals (D:4)
  6 quokkas
  7 frilled lizards
  6 goblins
  9 kobolds
  8 rats
84 creatures vanquished.

Notes
Turn   | Place    | Note
-------+----------+-------------------------------------------
     0 | D:1      | bobo the Draconian Transmuter began the quest for the Orb.
     0 | D:1      | Reached XP level 1. HP: 16/16 MP: 3/3
   153 | D:1      | Reached XP level 2. HP: 23/23 MP: 3/5
   563 | D:1      | Got Qoewnox's Volume of the Spider and Ashes
   572 | D:1      | Reached XP level 3. HP: 23/29 MP: 4/6
   818 | D:2      | Learned a level 2 spell: Wereblood
   820 | D:2      | Learned a level 1 spell: Sting
  1358 | D:2      | Reached XP level 4. HP: 31/37 MP: 4/7
  1530 | D:2      | Noticed Jessica
  1536 | D:2      | Killed Jessica
  1590 | D:2      | Noticed Natasha
  1597 | D:2      | Killed Natasha
  1598 | D:2      | Reached skill level 4 in Unarmed Combat
  1778 | D:3      | Found a shimmering altar of Xom.
  1868 | D:3      | Reached XP level 5. HP: 41/45 MP: 5/8
  2148 | D:3      | Identified the +7 long sword "Zeuhorun" {freeze, Fly}
  2753 | D:4      | Noticed Duvessa
  2753 | D:4      | Noticed Dowan
  3127 | D:4      | Killed Duvessa
  3128 | D:4      | Reached skill level 1 in Poison Magic
  3128 | D:4      | Reached XP level 6. HP: 41/52 MP: 6/9
  3186 | D:4      | Noticed Grinder
  3189 | D:4      | Paralysed by Grinder for 2 turns
  3221 | D:4      | Killed Dowan
  3294 | D:4      | Slain by Grinder

Illustrated notes

Levels and vault maps discovered:
D:1:      dpeg_arrival_round_c, layout_basic
D:2:      layout_loops_ring, uniq_natasha, uniq_jessica
D:3:      layout_loops_ring, tgw_xom, minmay_checkerbox
D:4:      layout_cave_pods, mainiacjoe_overflow_cross_hatched, uniq_duvessa,
          uniq_grinder

Skill      XL: |  1  2  3  4  5 |
---------------+----------------+-----
Dodging        | 2 3 |  3.1
Fighting       | 2 3 |  3.8
Unarmed Combat | 4 |  4.5
Poison Magic   | 1 |  1.2
Spellcasting   | |  2.5
Transmutations | |  2.7

Action                     |  1- 3 |  4- 6 || total
---------------------------+-------+-------++-------
  Melee: Unarmed           |   107 |   111 ||   218
         Kick              |    18 |    26 ||    44
         Tailslap          |     7 |    16 ||    23
         Headbutt          |    11 |    12 ||    23
         Punch             |     1 |     3 ||     4
   Cast: Beastly Appendage |    30 |    21 ||    51
         Sting             |    10 |    22 ||    32
         Wereblood         |     2 |     3 ||     5
    Use: Potion            |       |     3 ||     3
         Scroll            |       |     1 ||     1
 Armour: Skin              |    43 |    29 ||    72
  Dodge: Dodged            |    52 |    53 ||   105

Table legend: (Time is in decaauts)
 A = Elapsed time spent in this place.
 B = Non-inter-level travel time spent in this place.
 C = Inter-level travel time spent in this place.
 D = Time resting spent in this place.
 E = Time spent auto-exploring this place.
 F = Levels seen in this place.
 G = Mean time per level.
                   A        B        C        D        E       F      G
               +--------+--------+--------+--------+--------+-----+--------+
         Total |   3280 |   3192 |     88 |     10 |   2590 |   4 |  820.0 |
       Dungeon |   3280 |   3192 |     88 |     10 |   2590 |   4 |  820.0 |
               +--------+--------+--------+--------+--------+-----+--------+

Top non-repeatable levels by time:
     D:3: 982 daAuts
     D:2: 969 daAuts
     D:1: 798 daAuts
     D:4: 530 daAuts
